Cogmind - Beta 13 @@@ ROGUE MODE // 2024.05.14 @ 20:51:34 Player: McFluffinkins Result: Destroyed self with Grenade Launcher Performance ------------- Evolutions (0) 0 Regions Visited (2) 400 Robots Destroyed (22) 110 Value Destroyed (492) 492 Prototype IDs (2) 40 Alien Tech Used (0) 0 Bonus (0) 0 TOTAL SCORE: 1042 Bonus ------- None Cogmind --------- Core Integrity 0/250 Matter 148/300 Energy 48/100 System Corruption 0% Temperature Cool (0) Movement Core (300) Ox5 Location -10/Mines Parts ------- > --- POWER (1) -------- (None) > --- PROPULSION (2) --- (None) > --- UTILITY (2) ------ Medium Storage Unit Improved Light Armor Plating > --- WEAPON (2) ------- Light Assault Rifle Grenade Launcher > --- INVENTORY (10) --- Ion Engine Cryofiber Web Improved Heat Sink Large Battery (200) Advanced Weight Redist. System Structural Scanner Signal Interpreter Peak State ------------ > --- POWER ------------ Light Deuterium Engine > --- PROPULSION ------- Hover Unit Hover Unit > --- UTILITY ---------- Medium Storage Unit Advanced Weight Redist. System > --- WEAPON ----------- Beamcaster Light Assault Rifle > --- INVENTORY -------- Ion Engine Flight Unit Cryofiber Web Improved Heat Sink Large Battery Structural Scanner Signal Interpreter Improved Light Armor Plating Grenade Launcher [Rating: 16] Favorites ----------- Power Ion Engine Engine Ion Engine Propulsion Aluminum Leg Treads Light Treads Leg Aluminum Leg Wheel Wheel Hover Unit Hover Unit Flight Unit Flight Unit Utility Backup Plating I Device Advanced Weight Redist. System Storage Small Storage Unit Protection Backup Plating I Weapon Light Assault Rifle Energy Gun Beamcaster Ballistic Gun Light Assault Rifle Launcher Grenade Launcher Build | -11 -10 -10 ------- Run | Yrd Mat Min Slots Evolved . | . . . Power . | . . . Propulsion . | . . . Utility . | . . . Weapon . | . . . Parts Attached 34 | 7 17 10 Power 5 | 1 3 1 Engine 5 | 1 3 1 Core . | . . . Reactor . | . . . Propulsion 10 | 3 5 2 Treads 2 | 2 . . Leg 2 | . 2 . Wheel 1 | 1 . . Hover 4 | . 3 1 Flight 1 | . . 1 Utility 10 | 1 4 5 Device 2 | . . 2 Storage 5 | 1 3 1 Processor . | . . . Hackware . | . . . Protection 3 | . 1 2 Artifact . | . . . Weapon 9 | 2 5 2 Energy Gun 1 | . . 1 Energy Cannon . | . . . Ballistic Gun 4 | 2 2 . Ballistic Cannon . | . . . Launcher 4 | . 3 1 Special Weapon . | . . . Impact Weapon . | . . . Slashing Weapon . | . . . Piercing Weapon . | . . . Special Melee Weapon . | . . . Unidentified Prototypes . | . . . Parts Lost 6 | . . 6 Power 1 | . . 1 Propulsion 4 | . . 4 Utility . | . . . Weapon 1 | . . 1 Highest Loss Streak 6 | . . 6 To Critical Strikes 1 | . . 1 Average Slot Usage (%) 96 | . 96 96 Engine 14 | . 14 14 Treads 7 | . 8 . Leg 16 | . 17 . Hover 3 | . 1 25 Storage 14 | . 14 13 Protection 10 | . 11 2 Ballistic Gun 22 | . 23 14 Launcher 5 | . 4 12 Naked Turns . | . . . Heaviest Build 58 | 13 58 21 Greatest Support 40 | 40 40 21 Greatest Overweight (x) 2 | . 2 1 Average Overweight (x) . | . . . Largest Inventory Capacity 20 | 8 20 10 Average Capacity 12 | 7 12 9 Most Carried 16 | 8 16 10 Average Carried 8 | 4 8 9 Final Capacity 10 | 8 10 10 Final Carried 10 | 3 10 7 Class Distribution -------------------- 100% | Mutant Dominant Class ---------------- Mutant | -10/Materials Mutant | -10/Mines Resources | -11 -10 -10 ----------- Run | Yrd Mat Min Matter Collected 691 | 179 512 . Remotely . | . . . Salvage Created 571 | . 543 28 Parts 48 | . 45 3 Haulers Intercepted 2 | . 2 . Recyclers Shooed 3 | 1 1 1 Parts Field Recycled . | . . . Retrieved Matter . | . . . Parts Self-Destructed . | . . . Prevented . | . . . Kills | -11 -10 -10 ------- Run | Yrd Mat Min Combat Hostiles Destroyed 16 | . 12 4 Guns 7 | . 7 . AOE 9 | . 5 4 Classes Destroyed 9 | . 8 1 Worker 1 | . 1 . Builder 1 | . 1 . Hauler 2 | . 2 . Recycler 1 | . 1 . Operator 1 | . 1 . Watcher 3 | . 3 . Swarmer 4 | . 3 1 Grunt 9 | . 9 . Assembled 3 | . . 3 Best Kill Streak 5 | . 5 4 Combat Bots Only 4 | . 4 4 Max Kills in Single Turn 4 | . 3 4 Gunslinging . | . . . Exploded 4 | . 2 4 Melee . | . . . Uniques/NPCs Destroyed . | . . . Combat | -11 -10 -10 -------- Run | Yrd Mat Min Hostile Shots Fired 83 | . 40 43 Missed 26 | . 11 15 Damage Taken 896 | . 404 492 Core 259 | . 62 197 Absorbed by Shields . | . . . Core Remaining (%) 100 | 100 . . Volleys Fired 60 | 1 55 4 Largest 2 | 2 2 2 Hottest 95 | 40 60 95 Shots Fired 117 | 2 109 6 Gun 102 | 2 95 5 Cannon . | . . . Launcher 15 | . 14 1 Special . | . . . Kinetic 101 | 2 95 4 Thermal 1 | . . 1 Explosive 15 | . 14 1 Electromagnetic . | . . . Robot Hit Streak 11 | . 11 2 Robot Miss Streak 5 | 2 5 2 Penetration Max . | . . . Secondary Targets . | . . . Shots Hit Robots 71 | . 67 4 Core Hits 46 | . 41 5 Critical Kills . | . . . Critical Parts Destroyed . | . . . Critical Strikes 1 | . . 1 Burn 1 | . . 1 Melee Attacks . | . . . Impact . | . . . Slashing . | . . . Piercing . | . . . Sneak Attacks . | . . . Combat Hostiles . | . . . Follow-up Attacks . | . . . Damage Inflicted 1419 | . 1175 244 Guns 666 | . 631 35 Cannons . | . . . Explosions 743 | . 536 207 Melee . | . . . Ramming 10 | . 8 2 Kinetic 644 | . 631 13 Thermal 22 | . . 22 Explosive 743 | . 536 207 Electromagnetic . | . . . Impact . | . . . Slashing . | . . . Piercing . | . . . Highest Corruption . | . . . Average Corruption . | . . . Corruption Purged . | . . . Corruption Blocked . | . . . Overload Shots . | . . . Overflow Damage 10 | . 10 . Projectiles . | . . . Explosions 10 | . 10 . Melee . | . . . Knockbacks . | . . . Impact . | . . . Kinetic . | . . . Secondary . | . . . Self-Inflicted Damage 92 | . 60 32 Shots 4 | . 3 1 Rammed 2 | . 1 1 Targets Rammed 3 | . 2 1 Kicked 1 | . 1 . Crushed . | . . . Highest Temperature 51 | . 29 51 Average Temperature 6 | . 5 19 Received Heat Transfer 229 | . 189 40 Siege Activations . | . . . Robots Corrupted . | . . . Combat Hostiles . | . . . Parts Fried . | . . . Impact Corruptions . | . . . Robots Melted . | . . . Combat Hostiles . | . . . Parts Melted . | . . . Heat Transferred 111 | . . 111 Parts Sabotaged . | . . . Parts Stolen . | . . . Parts Stripped . | . . . Power Chain Reactions . | . . . Alert | -11 -10 -10 ------- Run | Yrd Mat Min Peak Influence 353 | . 353 40 Initial 40 | . . 40 Average 137 | . 157 35 Maximum Alert Level 1 | . 1 . Low Security (%) 61 | 100 54 100 Level 1 38 | . 45 . Level 2 . | . . . Level 3 . | . . . Level 4 . | . . . Level 5 . | . . . High Security . | . . . Max Security . | . . . Squads Dispatched 6 | . 5 1 Investigation 5 | . 4 1 Extermination . | . . . Reinforcement 1 | . 1 . Assault . | . . . Garrison . | . . . Intercept . | . . . Searches Triggered . | . . . Construction Impeded . | . . . Haulers Reinforced . | . . . Active Scanning Responses . | . . . Cargo Convoy Interrupts . | . . . Stealth | -11 -10 -10 --------- Run | Yrd Mat Min Distress Signals 2 | . 2 . Communications Jammed . | . . . Distress Signals . | . . . Times Spotted 47 | . 27 20 Peak Tracking Total 13 | . 6 13 Tactical Retreats 2 | . 1 1 Traps | -11 -10 -10 ------- Run | Yrd Mat Min Traps Triggered . | . . . Indirectly . | . . . Trap Hack Attempts . | . . . Triggered . | . . . Disarmed . | . . . Reprogrammed . | . . . Reused . | . . . Traps Extracted . | . . . Installed . | . . . Triggered . | . . . Machines | -11 -10 -10 ---------- Run | Yrd Mat Min Machines Disabled 4 | . 3 1 Max in Single Turn 1 | . 1 1 Machines Repaired . | . . . Machines Dismantled . | . . . Machines Sabotaged . | . . . Overloaded Fab Kills . | . . . Hacking | -11 -10 -10 --------- Run | Yrd Mat Min Machines Accessed 7 | . 6 1 Terminals 5 | . 5 . Fabricators . | . . . Repair Stations 1 | . 1 . Recycling Units . | . . . Scanalyzers . | . . . Garrison Access . | . . . Total Hacks 19 | . 18 1 Successful 7 | . 6 1 Failed 12 | . 12 . Catastrophic 1 | . 1 . Database Lockouts . | . . . Manual 1 | . 1 . Terminals 17 | . 17 . Fabricators . | . . . Repair Stations 1 | . 1 . Recycling Units . | . . . Scanalyzers . | . . . Garrison Access . | . . . Terminal Hacks 6 | . 5 1 Prototype ID Bank 1 | . 1 . Open Door 1 | . . 1 Branch Access Points 1 | . 1 . Locate Traps 1 | . 1 . Recall Investigation 1 | . 1 . Zone Layout 1 | . 1 . Fabricator Hacks . | . . . Repair Station Hacks 1 | . 1 . Refit 1 | . 1 . Recycling Unit Hacks . | . . . Scanalyzer . | . . . Garrison Access Hacks . | . . . Unauthorized Hacks . | . . . Terminals . | . . . Fabricators . | . . . Repair Stations . | . . . Recycling Units . | . . . Scanalyzers . | . . . Garrison Access . | . . . Data Cores Recovered . | . . . Used . | . . . Hacking Detections 5 | . 5 . Full Trace Events 4 | . 4 . Feedback Events . | . . . Feedback Blocked . | . . . Robot Schematics Acquired . | . . . Robots Built . | . . . Authchips . | . . . Time . | . . . Total Robot Build Rating . | . . . Part Schematics Acquired . | . . . Parts Built . | . . . Authchips . | . . . Time . | . . . Total Part Build Rating . | . . . Parts Repaired . | . . . Time . | . . . Parts Recycled . | . . . Recycled Matter . | . . . Retrieved Matter . | . . . Retrieved Components . | . . . Parts Scanalyzed . | . . . Part Schematics Acquired . | . . . Parts Damaged . | . . . Bothacking | -11 -10 -10 ------------ Run | Yrd Mat Min Used RIF Installer . | . . . Robots Hacked . | . . . Non-combat . | . . . Combat . | . . . Robot Hacks Applied . | . . . Relay Couplers Released . | . . . Fabnet Peak Effective % . | . . . Robots Rewired . | . . . Allies Hacked . | . . . Hacks Repelled . | . . . Allies | -11 -10 -10 -------- Run | Yrd Mat Min Total Allies . | . . . Largest Group . | . . . Highest-Rated Group . | . . . Highest-Rated Ally . | . . . Total Orders . | . . . Ally Attacks . | . . . Total Damage . | . . . Kills . | . . . Allies Corrupted . | . . . Allies Melted . | . . . Intel | -11 -10 -10 ------- Run | Yrd Mat Min Robot Analysis Total . | . . . Derelict Logs Recovered . | . . . Drone Launches . | . . . Drone Recoveries . | . . . Exploration | -11 -10 -10 ------------- Run | Yrd Mat Min Turns Passed 1658 | 78 1415 165 Spaces Moved 961 | 41 728 192 Core 14 | 8 . 6 Treads 243 | 26 217 . Legs 465 | . 465 . Wheels 7 | 7 . . Hover 223 | . 46 177 Flight 9 | . . 9 Fastest Speed 50 | 50 116 50 Average Speed 142 | 124 163 66 Slowest Speed 260 | 160 260 120 Overloaded Moves . | . . . Propulsion Burnouts . | . . . Robots Hopped . | . . . Cave-ins Triggered . | . . . Exploration Rate (%) 42 | 4 82 40 Regions Visited 2 Branch Regions 1 Pre-discovered Areas . | . . . Known Exits Taken 1 | . 1 . Unknown Exits Taken 1 | 1 . . Scrap Searched . | . . . Spaces Dug . | . . . Terrain Destroyed 42 | . 41 1 Melee . | . . . Projectile . | . . . AOE 42 | . 41 1 Terrain Rammed . | . . . Walls Destroyed . | . . . Machines Disabled . | . . . Actions | -11 -10 -10 --------- Run | Yrd Mat Min Total 1144 | 65 852 227 Wait 19 | 6 11 2 Move 959 | 40 727 192 Hop . | . . . Pick Up 41 | 8 23 10 Fast Attach 8 | 4 2 2 Attach 10 | 2 5 3 Detach 1 | . 1 . Swap 16 | 1 10 5 Drop 27 | 3 16 8 Fire 60 | 1 55 4 Melee . | . . . Ram 1 | . . 1 Kick 1 | . 1 . Crush 1 | . 1 . Escape Stasis . | . . . Rewire . | . . . Trap . | . . . Miscellaneous . | . . . Route ------- -11/Scrapyard -10/Materials (discovered 5 exits: [*Mat x2] / *Min x2 / [*Sub]) -10/Mines History --------- Turn | Location | Event 18 | -11/Scrapyard | Discovered new exit (range 16) 79 | -11/Scrapyard | Entered Materials 117 | -10/Materials | Identified exit to Mines 308 | -10/Materials | Build established: Mutant 681 | -10/Materials | Discovered new exit (range 15) 978 | -10/Materials | Discovered new exit (range 16) 1121 | -10/Materials | Discovered new exit (range 9) 1494 | -10/Materials | Entered Mines 1495 | -10/Mines | Met a Derelict bent on vengeance 1522 | -10/Mines | Met a Derelict shopkeep closing up shop 1592 | -10/Mines | Assembled infested the area 1597 | -10/Mines | Assisted by a Guerilla fighting off Assembled 1637 | -10/Mines | Core integrity fell below 50% 1643 | -10/Mines | Core integrity fell below 20% 1659 | -10/Mines | Destroyed self with Grenade Launcher Last Messages --------------- (Destroy). 01634_ D-53 Grenadier destroyed. 01634_ Hover Unit destroyed. 01634_ as-89953 destroyed. 01635_ The unstable cave ceiling collapses. 01639_ Mni. Grenade Launcher crushed. 01639_ Hover Unit destroyed. 01643_ The unstable cave ceiling collapses. 01644_ D-53 Grenadier destroyed. 01645_ The unstable cave ceiling collapses. 01651_ S-10 Pest suffers critical hit (Burn). 01652_ Lgt. Deuterium Engine destroyed. 01652_ Flight Unit destroyed. 01654_ Critical hit (Destroy). 01654_ Beamcaster destroyed. 01659_ S-10 Pest destroyed. 01659_ as-65167 destroyed. 01659_ Core Extractor disabled. 01659_ as-82887 destroyed. 01659_ as-56842 destroyed. Map ----- +----------------------------------------------------+ | | | | | | | | | | | | | | | | | | | | | | | | | | | | | | | | | ?????????????????????????????????????????????????? | | ?????????????????????????????????????????????????? | | ?????????????????????????????????????????????????? | | ???????????????????#########?????????????????????? | | ?????????????????### #?????????????????????? | | ?????????????????? s #?????????????????????? | | ???????????????????# """ #?????????????????????? | | ???????????????????# " " #?????????????????????? | | ???????????????????# " #?????????????????????? | | ???????????????????# s%[@ #?????????????????????? | | ???????????????????# %% #?????????????????????? | | ???????????????????###%# ###?????????????????????? | | ?????????????????????# ##????????????????????????? | | ?????????????????????# #?????????????????????????? | | ?????????????????????# #?????????????????????????? | | ?????????????????????# ########??????????????????? | | ????????????????###### #???????????????? | | ????????????????# #### ###??????????????????? | | ??#########?????# # # ##???????????????????????? | | ?## #" ##?#### ## #????????????????????? | | ## ### % #????????????????????? | | # # % ####????????????????????? | | ##???????????????????????? | | ##????????????????????????? | | = ###?????????????????????????? | | % =%| # ##???????????????????????????? | | ### ## ##????????????????????????????? | | ??## #### #?????????????????????????????? | | ???# #??########?????????????????????????????? | | ???## ##?????###??????????????????????????????? | | ????## #??????????????????????????????????????? | | ?????## #??????????????????????????????????????? | | ?????## ##?????????????????????????????????????? | | ????## ##????????????????????????????????????? | +----------------------------------------------------+ Best States ------------- Heat Dissipation 25 Energy Generation 14 Energy Capacity 250 Matter Stores 300 Matter Capacity 300 Sight Range 16 Terrain Scan Density 10 Additional Mass Support 9 Armor Coverage 80 Evasion (%) 55 Recoil Reduction 2 Item Schematics ----------------- None Robot Schematics ------------------ None Fabricated ------------ Nothing Alien Tech Used ----------------- None Achievements -------------- GoHome() Party Time Challenges ------------ None Game ------ Seed CooledMassLance Manual? 0 Play Time 00:29:09 Cumulative 8.2 hours Start 2024.05.14 @ 20:18:29 End 2024.05.14 @ 20:51:34 Sessions 1 Manual Loads 0 Difficulty Rogue Special Mode None Game No. 11 Rogue 11 Adventurer 0 Explorer 0 Win Type - Total 0 Types 0/0/0/0/0/0/0/0/0 Lore% 14 Gallery% 16 Achievement% 15 Wizard Run 0 Options --------- Layout 1 ASCII 0 Keyboard 0 Movement Mouse Keybinds 0 Fullscreen 1 Font 32/Terminus Map View 50x35 Zoom Use 0% Tactical HUD 1 Map Filters NONE Filters NONE Steam 1 RUN: e608805a-2c73-4bde-b327-27f9a0d03d07